 Dungeon Crawl Stone Soup version 0.30-a0-55-g90e3122c3a (webtiles) character file.

Game seed: 4488898893423174756

88 spaghetti the Chopper (level 4, -1/37 HPs)
             Began as a Formicid Berserker on Sept 10, 2022.
             Was a Believer of Trog.
             Slain by a steam dragon (7 damage)
             ... on level 3 of the Dungeon.
             The game lasted 00:03:19 (2307 turns).

spaghetti the Chopper (Formicid Berserker)          Turns: 2307, Time: 00:03:19

Health: -1/37      AC:  3    Str: 24    XL:     4   Next: 81%
Magic:  4/4        EV: 12    Int:  6    God:    Trog [**....]
Gold:   92         SH:  0    Dex: 13    Spells: 3/3 levels left

rFire   . . .      SeeInvis +    a - +0 hand axe {axe}
rCold   . . .      Faith    .    (no shield)
rNeg    . . .      Spirit   .    b - +1 animal skin
rPois   .          Reflect  .    (helmet unavailable)
rElec   .          Harm     .    (no cloak)
rCorr   .          Rampage  .    (no gloves)
Will    .....                    (no boots)
Stlth   +.........               (no amulet)
HPRegen 0.12/turn                (no ring)
MPRegen 0.09/turn                (no ring)

@: no status effects
A: permanent stasis, dig shafts and tunnels, antennae 3, four strong arms
a: Dig, Shaft Self, Renounce Religion, Trog's Hand


You were on level 3 of the Dungeon.
You worshipped Trog.
Trog was pleased with you.
You visited 1 branch of the dungeon, and saw 3 of its levels.

You collected 92 gold pieces.


Innate Abilities, Weirdness & Mutations

You cannot be hasted, slowed, berserked, paralysed or teleported.
You can dig through walls and to a lower floor.
You have a pair of large antennae on your head. (SInv)
Your four strong arms can wield two-handed weapons with a shield.


   Skills:
 + Level 3.9 Fighting
 * Level 4.0 Axes
 + Level 3.0 Armour
 + Level 2.3 Dodging


You had 3 spell levels left.
You didn't know any spells.
Your spell library was empty.

Inventory:

Hand Weapons
 a - a +0 hand axe (weapon) {axe}
 p - a +0 vampiric dagger {short}
   (You found it on level 2 of the Dungeon)
 u - a +3 club {mace}
   (You took it off Jessica on level 2 of the Dungeon)
Missiles
 d - 22 stones {throwing}
Armour
 b - a +1 animal skin (worn)
Jewellery
 t - the ring of the Mage {Wiz Archmagi}
   (You found it on level 2 of the Dungeon)

   [ring of wizardry]

   It improves your spell success rate.
   Archmagi:  It increases the power of your magical spells.
Wands
 v - a wand of polymorph (5)
   (You took it off Jessica on level 2 of the Dungeon)
Scrolls
 c - 2 scrolls of enchant armour
 e - a scroll of magic mapping {unknown}
 g - 5 scrolls of blinking {!r}
 h - a scroll of butterflies {unknown}
 i - a scroll of vulnerability {unknown}
 k - 4 scrolls of identify {unknown}
Potions
 f - a potion of degeneration {unknown}
 j - 2 potions of attraction {unknown}
 l - 2 potions of might {unknown}
 m - a potion of mutation {unknown}
 n - a potion of brilliance {unknown}
 o - a potion of curing {unknown}
 q - 2 potions of flight {unknown}
 r - a potion of lignification {unknown}
 s - a potion of ambrosia {unknown}

Dungeon Overview and Level Annotations

Branches:
Dungeon (3/15) Zot: 15673

Altars:

####+######
..........####
..........##..
..........##.#
.......D..##.#
......§§@.##.#
......§.§.##.# ..
.......§§.##'#### ....
######.§........####...#
#.§§..............#
##.§§..............#
...................#
####................#
#..#.#+####.........#


You could see a steam dragon.


Message History

You barely miss the ball python. The bat hits you but does no damage.
The ball python closely misses you. The ball python barely misses you.
You closely miss the bat. You hit the ball python. The bat closely misses you.
The ball python bites you. The ball python grabs you.
The ball python constricts you. 😕 HP[-2]
You take 2 damage, and now have 35/37 hp.
You are too injured to fight recklessly!
You are too injured to fight recklessly!
You are too injured to fight recklessly!
You are too injured to fight recklessly!
You are too injured to fight recklessly!
You are too injured to fight recklessly!
You are too injured to fight recklessly!
You are too injured to fight recklessly!
You are too injured to fight recklessly!
You are too injured to fight recklessly!
You are too injured to fight recklessly!
You are too injured to fight recklessly!
You are too injured to fight recklessly!
You are too injured to fight recklessly!
You are too injured to fight recklessly!
You are too injured to fight recklessly!
You are too injured to fight recklessly!
You hit the ball python.
You kill the ball python!
Trog accepts your kill.
You hit the bat. The bat hits you.
Your Axes skill increases to level 4!
Your Armour skill increases to level 3! 😕 HP[-1]
You take 1 damage, and now have 34/37 hp.
You hit the bat.
You kill the bat!
Trog accepts your kill.
Key pressed, stopping explore.
Key pressed, stopping explore.
Key pressed, stopping explore.
You sense a monster nearby. 😎 HP[+3]
Your hp is fully restored (37).
A worm comes into view.
A worm is nearby!
You hit the worm. The worm bites you! 😮 HP[-10]
You take 10 damage, and now have 27/37 hp.
MASSIVE DAMAGE!! (PAUSE)
You hit the worm. The worm misses you.
You hit the worm but do no damage. You barely miss the worm.
The worm barely misses you. 😕 HP[+1]
You hit the worm but do no damage. The worm bites you but does no damage.
You slash the worm! You hit the worm. The worm bites you but does no damage.
You slash the worm!
You kill the worm!
Trog accepts your kill.
You see here a worm corpse.
Done exploring. 😎 HP[+9]
Your hp is fully restored (37).
Done exploring.
(D) Dungeon
Where to? (Enter - D:2, ? - help)
There is a stone staircase leading down here.
You climb downwards.
There is a stone staircase leading up here.
Unknown command.
g - 5 scrolls of blinking {!r} (gained 2) Key pressed, stopping explore.
You now have 92 gold pieces (gained 5).
q - 2 fuming emerald potions (gained 1)
You open the door.
You sense a monster nearby.
A steam dragon comes into view.
You hit the steam dragon. The steam dragon breathes steam at you.
The ball of steam hits you!!
Ouch! That really hurt!
* * * LOW HITPOINT WARNING * * *
😨 HP[-22]
You take 22 damage, and now have 15/37 hp.
MASSIVE DAMAGE!! (PAUSE)
Press: ? - help, v - describe, . - travel
Here: a steam dragon (lightly wounded)
The floor.
The steam dragon bites you.
* * * LOW HITPOINT WARNING * * *
The steam dragon claws you.
* * * LOW HITPOINT WARNING * * *
😱 HP[-7]
You take 7 damage, and now have 8/37 hp.
Unknown command.
Okay, then.
Okay, then.
Are you sure you want to shaft yourself?
You are engulfed in a cloud of scalding steam.
* * * LOW HITPOINT WARNING * * *
The steam dragon bites you!
You die...

Skill      XL: |  1  2  3  4 |
---------------+-------------+-----
Dodging        | 2 |  2.3
Axes           | 4 |  4.0
Armour         | 3 |  3.0
Fighting       | |  3.9

Action                   |  1- 3 |  4- 6 || total
-------------------------+-------+-------++-------
Melee: Hand axe          |    85 |    23 ||   108
       Punch             |     1 |     1 ||     2
       Unarmed           |       |     2 ||     2
 Abil: Shaft Self        |       |     1 ||     1
  Use: Scroll            |     4 |       ||     4
 Stab: Sleeping          |     2 |       ||     2
Armor: Animal skin       |    22 |     4 ||    26
Dodge: Dodged            |    55 |    15 ||    70

Levels and vault maps discovered:
D:1:      amcnicky_arrival_blooded_trapdoor, layout_loops_corners,
          shapermc_ecumenical_altar_hornbeckon, kennysheep_another_room,
          nicolae_figureground_sparkle
D:2:      layout_basic, uniq_jessica
D:3:      layout_basic

Notes
Turn   | Place    | Note
-------+----------+-------------------------------------------
     0 | D:1      | spaghetti the Formicid Berserker began the quest for the
                  | Orb.
     0 | D:1      | Reached XP level 1. HP: 18/18 MP: 1/1
     0 | D:1      | magus.rc [v1.9.6]
   350 | D:1      | Reached XP level 2. HP: 24/24 MP: 2/2
   368 | D:1      | Found a faded altar of an unknown god.
   500 | D:1      | Reached skill level 2 in Dodging
  1199 | D:2      | Reached XP level 3. HP: 27/29 MP: 3/3
  1611 | D:2      | Reached ** piety under Trog
  1699 | D:2      | Reached XP level 4. HP: 34/37 MP: 4/4
  1901 | D:2      | Found the ring of the Mage {Wiz Archmagi}
  1909 | D:2      | Noticed Jessica
  1916 | D:2      | Killed Jessica
  2056 | D:2      | Reached skill level 4 in Axes
  2056 | D:2      | Reached skill level 3 in Armour
  2301 | D:3      | Noticed a steam dragon
  2306 | D:3      | HP: 8/37 [steam dragon (3)]
  2307 | D:3      | Slain by a steam dragon

Vanquished Creatures
  Jessica (D:2)
  An adder (D:2)
  2 worms (D:2)
  2 dart slugs
  4 ball pythons (D:2)
  3 endoplasms
  A giant cockroach (D:2)
  2 goblins (D:2)
  2 hobgoblins
  4 jackals (D:1)
  2 quokkas
  5 bats
  2 frilled lizards (D:1)
  5 kobolds
  7 rats
43 creatures vanquished.

Table legend:
 A = Non-vault XP
 B = Vault XP
 C = Vault XP percentage of total XP
 D = Non-vault monster count
 E = Vault monster count
 F = Vault count percentage of total count
                 A         B        C        D         E       F
            +---------+---------+-------+---------+---------+-------
      Total |      89 |      37 |  29.4 |      42 |       1 |   2.3
            +---------+---------+-------+---------+---------+-------
        D:1 |      28 |       0 |   0.0 |      17 |       0 |   0.0
        D:2 |      61 |      37 |  37.8 |      25 |       1 |   3.8
            +---------+---------+-------+---------+---------+-------

Illustrated notes

Table legend:
 A = Kills in this place as a percentage of kills in entire the game.
 B = Kills by you in this place as a percentage of kills by you in the entire game.
 C = Kills by friends in this place as a percentage of kills by friends in the entire game.
 D = Other kills in this place as a percentage of other kills in the entire game.
 E = Experience gained in this place as a percentage of experience gained in the entire game.
 F = Experience gained in this place divided by the number of levels of this place that you have seen.
                   A       B       C       D       E      F
               +-------+-------+-------+-------+-------+----------------------
         Total | 100.0 | 100.0 |   N/A |   N/A | 100.0 |  42.0
       Dungeon | 100.0 | 100.0 |   N/A |   N/A | 100.0 |  42.0
               +-------+-------+-------+-------+-------+----------------------

Table legend: (Time is in decaauts)
 A = Elapsed time spent in this place.
 B = Non-inter-level travel time spent in this place.
 C = Inter-level travel time spent in this place.
 D = Time resting spent in this place.
 E = Time spent auto-exploring this place.
 F = Levels seen in this place.
 G = Mean time per level.
                   A        B        C        D        E       F      G
               +--------+--------+--------+--------+--------+-----+--------+
         Total |   2325 |   2295 |     30 |    117 |   1880 |   3 |  775.0 |
       Dungeon |   2325 |   2295 |     30 |    117 |   1880 |   3 |  775.0 |
               +--------+--------+--------+--------+--------+-----+--------+

Top non-repeatable levels by time:
     D:1: 1200 daAuts
     D:2: 1076 daAuts
     D:3: 48 daAuts
